Map: Acolyte LE

Players

Dark - Winner!

  • Race: Zerg Zerg
  • Spawn Location: 7:00

Kelazhur

  • Race: Terran Terran
  • Spawn Location: 1:00

Event: 2017 WCS Global Finals

VOD

Have the link to the VOD?

Description

Time

  • Played on: Oct. 28, 2017, 12:07 p.m.
  • Length: 12:58

All games in this series

Show
View Real Time Build Order
Export as new Build Order

Dark Zerg - Winner!

Build Orders: Hatch First, Muta Ling Bane 

Get SALT Encoding   

  12  0:00  Drone  
  13  0:12  Overlord  
  13  0:17  Drone  
  14  0:31  Drone x2  
  16  0:36  Drone  
  17  0:53  Hatchery  
  17  0:54  Drone  
  17  1:00  Drone  
  18  1:08  Extractor  
  17  1:14  Spawning Pool  
  17  1:16  Drone  
  17  1:18  Drone  
  18  1:28  Drone  
  19  1:40  Drone  
  20  1:52  Overlord  
  20  2:01  Queen  
  20  2:04  Zergling x2  
  20  2:05  Queen  
  20  2:06  Zergling x2  
  26  2:11  Metabolic Boost  
  26  2:13  Drone  
  27  2:18  Drone  
  28  2:24  Drone  
  29  2:32  Drone  
  29  2:36  Spore Crawler  
  29  2:39  Hatchery  
  27  2:46  Queen  
  27  2:48  Drone x2  
  32  2:52  Overlord  
  32  2:55  Drone  
  33  2:59  Drone  
  33  3:01  Drone  
  35  3:11  Overlord  
  35  3:12  Drone x3  
  38  3:13  Drone  
  38  3:18  Drone x2  
  41  3:24  Queen  
  43  3:28  Overlord  
  43  3:36  Drone x4  
  47  3:47  Drone x2  
  48  3:53  Lair  
  48  3:55  Queen  
  48  3:56  Drone  
  48  3:57  Drone x2  
  48  3:59  Drone  
  48  4:01  Drone x2  
  56  4:07  Zergling x6  
  59  4:11  Extractor, Overlord  
  59  4:12  Extractor  
  57  4:20  Overlord  
  57  4:26  Baneling Nest  
  57  4:29  Queen, Overlord x2  
  57  4:30  Drone x2  
  60  4:36  Drone  
  60  4:37  Drone x3  
  64  4:39  Drone  
  64  4:42  Spore Crawler  
  64  4:45  Drone  
  65  4:46  Spore Crawler, Drone  
  65  4:51  Drone x2  
  65  4:52  Drone  
  68  4:54  Drone x2  
  70  5:01  Zergling x4  
  72  5:08  Spire  
  72  5:13  Drone  
  72  5:14  Drone  
  73  5:15  Centrifical Hooks  
  73  5:16  Drone x2  
  73  5:17  Evolution Chamber  
  73  5:18  Evolution Chamber, Drone  
  73  5:20  Drone  
  73  5:21  Drone  
  76  5:22  Baneling x2  
  76  5:23  Drone  
  76  5:24  Drone  
  76  5:26  Drone  
  76  5:27  Drone  
  80  5:30  Drone x3  
  80  5:32  Drone  
  84  5:41  Drone x2  
  84  5:42  Drone x3  
  85  5:51  Extractor  
  85  5:52  Extractor  
  85  5:53  Overlord  
  83  6:03  Zerg Ground Armor Level 1, Zerg Melee Weapons Level 1  
  83  6:05  Overlord  
  83  6:06  Extractor, Hatchery  
  81  6:13  Baneling x4  
  81  6:14  Baneling x2  
  81  6:21  Baneling  
  81  6:24  Mutalisk  
  79  6:34  Zergling x12  
  79  6:36  Mutalisk x2  
  79  6:37  Zergling x2  
  79  6:38  Zergling x4  
  89  6:42  Overlord, Drone  
  89  6:43  Overlord  
  90  6:52  Overlord x2  
  90  7:01  Overlord x2  
  90  7:04  Drone x2  
  90  7:06  Baneling x3  
  92  7:16  Hatchery  
  92  7:19  Drone x2  
  92  7:20  Hydralisk Den  
  92  7:21  Zergling x10  
  92  7:22  Infestation Pit, Zergling x4  
  98  7:23  Baneling x2  
  98  7:24  Drone  
  99  7:31  Baneling  
  99  7:42  Zergling x4  
  99  7:43  Baneling x3  
  101  7:44  Baneling  
  101  7:45  Zergling x10  
  101  7:46  Drone x5  
  101  7:51  Drone  
  112  7:52  Drone x2  
  114  7:58  Drone x2  
  114  8:00  Drone  
  114  8:01  Drone  
  114  8:02  Overlord, Drone x2  
  114  8:04  Muscular Augments, Hive  
  120  8:06  Hatchery  
  120  8:11  Zerg Melee Weapons Level 2, Zerg Ground Armor Level 2  
  119  8:19  Hydralisk x6  
  123  8:20  Hydralisk x3  
  123  8:24  Extractor  
  123  8:25  Hydralisk x2  
  140  8:31  Drone x2  
  141  8:39  Overlord x2  
  141  8:41  Zergling x6  
  141  8:42  Zergling x14  
  151  8:50  Overlord  
  151  8:55  Spore Crawler, Drone x5  
  154  8:58  Drone  
  154  8:59  Overlord  
  154  9:00  Drone x2  
  158  9:08  Hydralisk x3  
  163  9:10  Zergling x6  
  163  9:11  Zergling x4  
  163  9:14  Baneling x4  
  168  9:19  Ultralisk Cavern  
  168  9:20  Baneling x3, Viper  
  168  9:21  Baneling x2, Viper  
  173  9:27  Zergling x16  
  173  9:30  Adrenal Glands  
  181  9:39  Baneling x3  
  181  9:45  Drone x4  
  185  9:46  Hatchery  
  185  9:47  Spore Crawler  
  180  9:53  Overlord  
  180  9:54  Zergling x8  
  180  9:55  Zergling x18  
  180  9:57  Overlord x2  
  192  10:00  Baneling x6  
  192  10:09  Chitinous Plating  
  192  10:17  Ultralisk  
  192  10:18  Zergling x4  
  200  10:23  Overseer  
  200  10:27  Zergling x10  
  200  10:29  Baneling  
  200  10:30  Baneling x7  
  200  10:31  Baneling x9  
  200  10:32  Baneling x7  
  195  11:06  Drone x2  
  179  11:42  Zergling x20  
  179  11:43  Zergling x62  
  179  11:44  Zergling x8  
  179  11:45  Zergling x8  
  196  11:56  Zergling x6  
  196  11:57  Baneling  
  196  11:58  Baneling x3  
  199  12:09  Baneling x4  
  199  12:10  Baneling x28  
  199  12:11  Baneling x19  
  195  12:20  Zergling x2  
  195  12:23  Baneling  
  195  12:24  Baneling, Zergling x2  
  195  12:25  Zergling x6  
  195  12:26  Baneling x3  
  195  12:27  Baneling x7  
  199  12:37  Baneling x7  
  199  12:38  Baneling  
Show
View Real Time Build Order
Export as new Build Order

Kelazhur Terran 

Build Orders: Gas First Reaper Expand, Reaper Expand, MMM Bio 

Get SALT Encoding   

  12  0:00  SCV  
  13  0:12  SCV  
  14  0:17  Supply Depot  
  14  0:25  SCV  
  14  0:27  Refinery  
  15  0:38  SCV  
  16  0:44  Barracks  
  16  0:50  SCV  
  17  1:03  SCV  
  18  1:15  SCV  
  19  1:31  Reaper, Orbital Command  
  20  1:43  Command Center  
  20  1:55  Factory  
  20  1:57  SCV  
  21  2:05  Barracks Reactor  
  21  2:08  Refinery  
  21  2:09  SCV  
  22  2:16  Supply Depot  
  22  2:22  SCV  
  23  2:37  SCV  
  24  2:45  Starport  
  24  2:50  SCV  
  25  2:53  Hellion x2  
  25  2:58  Orbital Command  
  29  3:02  SCV  
  30  3:07  Barracks Tech Lab  
  30  3:14  SCV  
  31  3:24  Fusion Core  
  31  3:28  SCV x2  
  31  3:32  Viking  
  35  3:40  SCV, Hellion x2  
  40  3:44  SCV  
  38  3:51  Supply Depot  
  38  3:52  SCV  
  39  3:57  SCV  
  42  4:04  Supply Depot  
  42  4:06  Liberator  
  42  4:07  SCV  
  41  4:11  Advanced Ballistics  
  41  4:13  SCV  
  41  4:15  Hellion x2  
  46  4:19  SCV  
  46  4:23  Supply Depot  
  50  4:25  SCV  
  51  4:31  SCV  
  51  4:37  SCV  
  53  4:41  Hellion  
  53  4:42  Hellion  
  53  4:44  SCV  
  58  4:49  Liberator  
  58  4:50  SCV  
  59  4:53  Barracks Tech Lab  
  59  4:56  SCV  
  59  4:58  Command Center  
  60  5:02  SCV  
  64  5:08  SCV  
  64  5:11  Hellion x2  
  64  5:14  SCV  
  70  5:15  Armory  
  70  5:21  Refinery  
  70  5:22  Refinery  
  70  5:24  Supply Depot  
  70  5:36  Hellion x2, SCV x2, Marine  
  77  5:46  Barracks  
  77  5:48  Barracks, SCV x2  
  79  5:54  Marine  
  79  5:55  Stimpack  
  80  5:57  Hellion x2  
  80  6:00  SCV x2  
  80  6:03  Supply Depot  
  83  6:11  Orbital Command  
  83  6:12  SCV x2  
  83  6:13  Marine  
  86  6:24  SCV  
  86  6:25  Engineering Bay x2  
  87  6:32  Starport Reactor, Factory Reactor  
  87  6:36  SCV  
  87  6:38  SCV  
  78  6:42  Marine  
  78  6:43  Marine  
  78  6:45  Hellion x8  
  80  6:48  SCV  
  80  6:50  SCV  
  80  6:53  Missile Turret  
  82  6:55  Orbital Command, Missile Turret  
  82  6:56  Missile Turret, Terran Infantry Weapons Level 1  
  82  6:57  Terran Infantry Armor Level 1  
  82  7:00  SCV, Marine x2  
  85  7:02  Marine x2  
  87  7:12  SCV x2  
  87  7:14  Barracks x2  
  89  7:18  Marine  
  89  7:19  Widow Mine x2  
  89  7:20  Starport Reactor, Marine x2  
  89  7:21  SCV  
  98  7:24  SCV  
  98  7:27  Missile Turret  
  98  7:31  SCV  
  98  7:33  Supply Depot, SCV  
  98  7:36  SCV  
  101  7:37  Marine x3  
  101  7:41  Marine  
  101  7:43  SCV  
  106  7:45  SCV  
  106  7:48  SCV, Marine  
  108  7:56  SCV  
  108  7:57  SCV  
  108  7:58  Marine  
  109  8:00  Combat Shields  
  109  8:01  SCV  
  109  8:03  Barracks Reactor  
  110  8:06  Barracks  
  110  8:07  Barracks  
  110  8:08  Barracks, SCV  
  110  8:10  Supply Depot x2, SCV  
  110  8:12  Supply Depot, Marine  
  112  8:14  Medivac x2  
  112  8:18  Refinery, Supply Depot  
  117  8:31  Marine x5  
  117  8:32  Marine x2, Siege Tank  
  117  8:34  Supply Depot  
  127  8:39  Marine  
  128  8:42  Terran Vehicle And Ship Armor Level 1  
  128  8:43  Marine  
  128  8:44  Medivac x2  
  128  8:48  Command Center  
  131  8:50  Marauder  
  131  8:53  Supply Depot  
  131  8:54  Supply Depot  
  131  8:55  Barracks Reactor, Barracks Tech Lab  
  133  8:56  Barracks Tech Lab, Marine x6  
  133  8:57  Marine  
  133  9:02  Marine  
  141  9:04  Siege Tank, Terran Infantry Weapons Level 2, Terran Infantry Armor Level 2  
  144  9:11  Marine  
  144  9:13  Medivac  
  144  9:14  Medivac  
  144  9:15  Marine  
  150  9:17  Marine  
  150  9:18  Marine x3  
  150  9:19  Marauder x2, Marine  
  150  9:24  Supply Depot  
  159  9:27  Factory  
  159  9:34  Marine  
  159  9:35  Marauder, Marine x5  
  159  9:36  Marine x4  
  171  9:40  Marauder  
  171  9:42  Supply Depot x2  
  176  9:45  Siege Tank  
  176  9:52  Marauder, Marine  
  179  9:54  Marine  
  179  9:58  Marine  
  179  9:59  Medivac x2, Marine x3  
  190  10:00  Marauder, Marine  
  190  10:06  Marauder, Marine x2  
  195  10:07  Marine  
  195  10:10  Marine  
  195  10:12  Marine  
  195  10:13  Marine  
  199  10:14  Factory Tech Lab  
  199  10:16  Marine  
  197  10:43  Siege Tank  
  200  10:52  Refinery  
  200  11:02  Factory  
  200  11:11  Refinery  
  199  11:25  Drilling Claws  
  199  11:27  Factory  
  199  11:30  Liberator x2  
  163  11:42  Marauder  
  163  11:45  Marauder, Marine x10  
  163  11:46  Marine  
  108  11:47  Unknown  
  108  11:48  Unknown  
  111  11:56  Siege Tank x2  
  111  11:59  Factory Reactor  
  111  12:01  Command Center  
  117  12:03  Marine x5  
  117  12:04  Marauder  
  117  12:07  Marauder  
  126  12:09  Marine x3  
  126  12:10  Marine x3  
  132  12:21  Marauder, Marine  
  132  12:22  Marine x3  
  138  12:24  Widow Mine  
  138  12:25  Marauder  
  138  12:27  Marine x3  
  138  12:28  Widow Mine, Marauder  
  151  12:40  Marine  
Tags
 
Add a new tag
Caveats
  • Supply blocks, unpowered buildings, or Contaminate may cause inaccurate times.
  • Supply counts are checked every 10 seconds.